 Dungeon Crawl Stone Soup version 0.30-a0-802-gb92711bcdf (webtiles) character file.

Game seed: 13734704197008948839

2277 cforsyth the Covert (level 9, -3/52 (57) HPs)
             Began as a Kobold Brigand on Feb 23, 2023.
             Slain by a wight
             ... wielding a +3 mace
              (8 damage)
             ... on level 6 of the Dungeon.
             The game lasted 00:07:59 (5588 turns).

cforsyth the Covert (Kobold Brigand)                Turns: 5588, Time: 00:07:59

HP:   -3/52 (57)    AC:  5    Str:  8    XL:     9   Next: 66%
MP:   9/9           EV: 20    Int: 12    God:
Gold: 392           SH:  0    Dex: 21    Spells: 8/8 levels left

rFire   . . .      SeeInvis .    a - +3 dagger
rCold   . . .      Faith    .    (no shield)
rNeg    . . .      Spirit   .    q - +2 robe {Archmagi}
rPois   .          Reflect  .    (no helmet)
rElec   .          Harm     .    c - +0 cloak
rCorr   .          Rampage  .    (no gloves)
Will    .....      Archmagi +    (no boots)
Stlth   ++++++                   (no amulet)
HPRegen 0.28/turn                (no ring)
MPRegen 0.11/turn                (no ring)

@: drained
A: small, no large weapons, nightstalker 3
a: no special abilities


You were on level 6 of the Dungeon.
You visited 1 branch of the dungeon, and saw 6 of its levels.

You collected 392 gold pieces.

Inventory:

Hand Weapons
 a - a +3 dagger (weapon)
Missiles
 d - 9 poisoned darts (quivered)
 e - 4 curare-tipped darts
Armour
 b - a +0 robe
 c - a +0 cloak (worn)
 q - a +2 robe of the Archmagi (worn)
Wands
 p - a wand of light (1)
 v - a wand of charming (2)
Scrolls
 i - a scroll of enchant weapon
 j - 3 scrolls of vulnerability
 k - a scroll of blinking {unknown}
 l - 2 scrolls of poison
 n - a scroll of amnesia {unknown}
 r - a scroll of teleportation {unknown}
 s - a scroll of enchant armour {unknown}
 u - a scroll of identify {unknown}
Potions
 f - a potion of magic {unknown}
 g - a potion of curing
 h - a potion of lignification {unknown}
 m - a potion of heal wounds {unknown}
 o - 2 potions of brilliance
 t - a potion of attraction


   Skills:
 + Level 7.0 Fighting
 + Level 8.5 Short Blades
 - Level 2.1 Throwing
 + Level 7.3 Dodging
 + Level 10.2 Stealth


You had 8 spell levels left.
You didn't know any spells.
Your spell library contained the following spells:

 Spells                   Type           Power      Damage    Failure   Level
 Apportation              Tloc           0%         N/A       32%         1
 Beastly Appendage        Tmut           0%         N/A       32%         1
 Necrotise                Necr           0%         1d4       32%         1
 Summon Small Mammal      Summ           0%         N/A       32%         1
 Static Discharge         Conj/Air       0%         2-2/arc   45%         2
 Wereblood                Tmut           0%         N/A       45%         2
 Spider Form              Tmut/Pois      0%         N/A       69%         3
 Vhi's Electric Charge    Tloc/Air       0%         N/A       69%         3
 Arcjolt                  Conj/Air       0%         1d10      100%        5
 Lightning Bolt           Conj/Air       0%         1d11      100%        5


Dungeon Overview and Level Annotations

Branches:
Dungeon (6/15)
 Temple: D:4-7

Altars:
Makhleb
Trog

Shops:
D:4 ?


Innate Abilities, Weirdness & Mutations

You are small and have problems with some larger weapons.
You are completely attuned to the shadows.


Message History

You hit the scorpion.
You kill the scorpion!
You feel sick. The wight completely misses you.
Your Fighting skill increases to level 7!
You hit the wight but do no damage.
You feel sick.
You closely miss the wight.
You feel sick. The wight misses you.
You hit the wight but do no damage.
You feel sick.
You closely miss the wight.
You feel sick. The wight misses you.
You barely miss the wight.
You feel sick. The wight hits you with a +3 mace!
You feel drained.
You are too injured to fight recklessly!
You are too injured to fight recklessly!
You are too injured to fight recklessly!
You closely miss the wight. You hit the wight.
The wight is moderately damaged.
You feel sick. The wight completely misses you.
You barely miss the wight.
The wight is moderately damaged.
You barely miss the wight.
The wight is moderately damaged.
You feel sick. The wight completely misses you.
You hit the wight.
The wight is heavily damaged.
You hit the wight.
The wight is severely damaged.
You feel sick. The wight misses you.
You hit the wight but do no damage.
The wight is severely damaged.
You feel sick.
You hit the wight but do no damage.
The wight is severely damaged.
The wight hits you with a +3 mace!
* * * LOW HITPOINT WARNING * * *
You closely miss the wight.
The wight is severely damaged.
You feel sick.
You are no longer poisoned.
The wight hits you with a +3 mace!
You die...

###..##### #####........
#...######### #........
#.#............###........
#.#.............z.........
...#.......................
..##.............. ........
#..............# ...... #
#.#.......†...(# ......
#>#.#......@z....# #####+
...........†.z...#
###.............#
#......(......#
#########.............###
..........#....z........#
.############.........#.#
..............#######.#.#
#############.#.......#.#


You could see 2 wights.

Vanquished Creatures
  A two-headed ogre (D:5)
  Prince Ribbit (D:5)
  A water moccasin (D:5)
  Duvessa (D:4)
  An ice beast (D:5)
  An ogre (D:6)
  A phantom (D:5)
  A kobold brigand (D:5)
  4 scorpions
  2 wights
  3 jellies
  6 hounds
  An orc priest (D:3)
  3 iguanas
  Jessica (D:3)
  An orc wizard (D:5)
  5 adders
  3 gnolls (D:3)
  A white imp (D:5)
  3 worms
  18 orcs
  4 bats
  4 endoplasms
  3 giant cockroaches
  3 goblins
  3 hobgoblins
  2 jackals (D:1)
  2 quokkas (D:2)
  3 ball pythons
  3 frilled lizards
  7 kobolds
  5 rats
98 creatures vanquished.

Vanquished Creatures (collateral kills)
  Dowan (D:5)
  An orc wizard (D:5)
  3 orcs (D:5)
  A quokka (D:5)
6 creatures vanquished.

Grand Total: 104 creatures vanquished

Notes
Turn   | Place    | Note
-------+----------+-------------------------------------------
     0 | D:1      | cforsyth the Kobold Brigand began the quest for the Orb.
     0 | D:1      | Reached XP level 1. HP: 12/12 MP: 1/1
   377 | D:1      | Reached XP level 2. HP: 18/18 MP: 2/2
  1038 | D:2      | Found a faded altar of an unknown god.
  1268 | D:2      | Reached XP level 3. HP: 22/22 MP: 3/3
  1902 | D:3      | Reached XP level 4. HP: 8/27 MP: 4/4
  2104 | D:3      | Reached skill level 6 in Stealth
  2187 | D:3      | Reached XP level 5. HP: 32/32 MP: 5/5
  2407 | D:3      | Noticed Jessica
  2411 | D:3      | Killed Jessica
  2631 | D:4      | Reached XP level 6. HP: 38/38 MP: 6/6
  2895 | D:4      | Found a bloodstained altar of Trog.
  3275 | D:4      | Reached skill level 7 in Stealth
  3436 | D:4      | Reached skill level 5 in Short Blades
  3436 | D:4      | Found The Oracle's Delphic Readings.
  3549 | D:5      | Entered Level 5 of the Dungeon
  3588 | D:5      | Noticed an ice beast
  3592 | D:5      | Killed an ice beast
  3593 | D:5      | Reached XP level 7. HP: 44/44 MP: 7/7
  3600 | D:5      | Noticed a water moccasin
  3622 | D:5      | Killed a water moccasin
  3918 | D:5      | Noticed Prince Ribbit
  3921 | D:5      | Killed Prince Ribbit
  3922 | D:5      | Reached skill level 5 in Fighting
  3922 | D:5      | Reached skill level 5 in Dodging
  3922 | D:5      | Reached skill level 8 in Stealth
  3922 | D:5      | Reached XP level 8. HP: 49/49 MP: 8/8
  3945 | D:5      | Found a bloodstained altar of Trog.
  4103 | D:5      | Noticed a two-headed ogre
  4104 | D:5      | Found a burning altar of Makhleb.
  4107 | D:5      | Killed a two-headed ogre
  4108 | D:5      | Reached skill level 9 in Stealth
  4108 | D:5      | Reached XP level 9. HP: 55/55 MP: 9/9
  4390 | D:5      | Noticed Duvessa
  4391 | D:5      | Noticed Dowan
  4414 | D:5      | Killed Dowan
  4445 | D:4      | Killed Duvessa
  5022 | D:6      | Reached skill level 10 in Stealth
  5588 | D:6      | Slain by a wight

Illustrated notes

Levels and vault maps discovered:
D:1:      dpeg_arrival_another_circle, layout_loops_corners
D:2:      layout_loops_ring, basic_ecumenical_altar,
          hangedman_abyss_or_decor_lesser_grid
D:3:      layout_rooms, corexii_item_surrounded_by_moat, uniq_jessica
D:4:      layout_cave_pools, amcnicky_altar_gilded,
          chequers_serial_rivers_micro_c, nicolae_nh_oracle_at_delphi
D:5:      layout_basic, hangedman_feature_mirror, kennysheep_generic_room_13,
          uniq_prince_ribbit1, uniq_duvessa
D:6:      gammafunk_cloud_chamber, layout_basic,
          amethyst_overflow_temple_binary, serial_shops, nicolae_square_shop

Skill      XL: |  1  2  3  4  5  6  7  8  9 |
---------------+----------------------------+-----
Short Blades   | 3 4 5 6 7 8 |  8.5
Dodging        | 2 3 4 5 6 7 |  7.3
Fighting       | 3 4 5 6 7 |  7.0
Stealth        | 6 7 8 9 10 | 10.2
Throwing       | |  2.1

Action                     |  1- 3 |  4- 6 |  7- 9 || total
---------------------------+-------+-------+-------++-------
  Melee: Dagger            |    97 |   162 |   159 ||   418
         Punch             |     1 |     2 |     4 ||     7
  Evoke: Wand              |       |       |     5 ||     5
    Use: Scroll            |       |       |     3 ||     3
         Potion            |       |       |     3 ||     3
   Stab: Sleeping          |    21 |    15 |    13 ||    49
         Distracted        |       |     1 |     1 ||     2
         Invisible         |       |       |     2 ||     2
 Armour: Robe              |    12 |    11 |    11 ||    34
  Dodge: Dodged            |    64 |   111 |   113 ||   288

Table legend: (Time is in decaauts)
 A = Elapsed time spent in this place.
 B = Non-inter-level travel time spent in this place.
 C = Inter-level travel time spent in this place.
 D = Time resting spent in this place.
 E = Time spent auto-exploring this place.
 F = Levels seen in this place.
 G = Mean time per level.
                   A        B        C        D        E       F      G
               +--------+--------+--------+--------+--------+-----+--------+
         Total |   5481 |   5344 |    137 |    250 |   4218 |   6 |  913.5 |
       Dungeon |   5481 |   5344 |    137 |    250 |   4218 |   6 |  913.5 |
               +--------+--------+--------+--------+--------+-----+--------+

Top non-repeatable levels by time:
     D:5: 1472 daAuts
     D:4: 1142 daAuts
     D:1: 981 daAuts
     D:3: 867 daAuts
     D:2: 681 daAuts
     D:6: 336 daAuts
